 Dungeon Crawl Stone Soup version 0.26-a0-665-gefeb406119 (webtiles) character file.

Game seed: 6588732606266432352

25 Descartes the Sneak (level 2, -1/14 HPs)
             Began as a Felid Delver on Oct 14, 2020.
             Was an Initiate of Dithmenos.
             Slain by a quasit (2 damage)
             ... in the Ecumenical Temple.
             The game lasted 00:01:07 (429 turns).

Descartes the Sneak (Felid Delver)                   Turns: 429, Time: 00:01:07

Health: -1/14      AC:  1    Str:  8      XL:     2   Next: 86%
Magic:  3/3        EV: 17    Int: 11      God:    Dithmenos [......]
Gold:   11         SH:  0    Dex: 12 (17) Spells: 1/1 levels left
                                        Lives:  0   Deaths: 0

rFire    . . .     SeeInvis +     - Unarmed
rCold    . . .     Faith    .   (shield unavailable)
rNeg     . . .     Spirit   .   (armour unavailable)
rPois    .         Reflect  .   (helmet unavailable)
rElec    .         Harm     .   (cloak unavailable)
rCorr    .         Rampage  .   (gloves unavailable)
MR       .....                  (boots unavailable)
Stlth    ++++......             (no amulet)
HPRegen  0.04/turn              (no ring)
MPRegen  0.08/turn              (no ring)

@: quick
A: very small, no armour, no weapons or thrown items, stealth, claws 1, fangs 3,
see invisible, speed 1, shaggy fur 1, sharp paws
a: Renounce Religion


You were in the Ecumenical Temple.
You worshipped Dithmenos.
Dithmenos was noncommittal.
You visited 2 branches of the dungeon, and saw 2 of its levels.

You collected 11 gold pieces.

Inventory:

Wands
 e - a wand of digging (3)
Scrolls
 a - a scroll of fog
 b - a scroll of magic mapping
 c - a scroll of fear
Potions
 d - a potion of haste
 f - a potion of curing {unknown}


   Skills:
 - Level 3.0 Fighting
 - Level 2.6 Dodging
 + Level 7.8 Stealth
 - Level 2.0 Unarmed Combat


You had one spell level left.
You didn't know any spells.
Your spell library was empty.

Dungeon Overview and Level Annotations

Branches:
Dungeon (5/15)             Temple (1/1) D:5

Altars:
Ashenzari
Dithmenos
Kikubaaqudgha
Okawaru
Uskayaw
Vehumet
Xom
Lugonu


Innate Abilities, Weirdness & Mutations

You cannot wear armour.
You are incapable of wielding weapons or throwing items.
Your paws allow you to move quietly. (Stealth)
You have sharp claws.
You have razor-sharp teeth.
You have supernaturally acute eyesight. (SInv)
You cover ground quickly.
You are covered in fur. (AC +1)
Your sharp claws are effective at attacking unaware monsters.


Message History

Dithmenos welcomes you! The quasit barely misses you.
The quasit completely misses you. The quasit claws you.
* * * LOW HITPOINT WARNING * * *
The quasit bites you.
* * * LOW HITPOINT WARNING * * *
You feel clumsy. The quasit misses you.
The quasit claws you but does no damage.
There is a dry fountain here.
The quasit barely misses you. The quasit completely misses you.
The quasit barely misses you.
You enter the shallow water.
Moving in this stuff is going to be slow.
The quasit barely misses you.
The quasit claws you but does no damage.
The quasit misses you.
There is a staircase back to the Dungeon here.
The quasit misses you. The quasit closely misses you. The quasit claws you.
You die...

#≈....# #_≈⌠._#
#≈....# #._.#
##..# ####
#########≈..###._≈
#P...............#
#@5.≈....§#..._≈⌠.
#P...≈§#..≈.......
#########...###._≈
##..# #### #._.#
#.≈...# #_.⌠._#
##...## #._.#


You could see a quasit.

Vanquished Creatures
  A bullfrog skeleton (D:5)
1 creature vanquished.

Vanquished Creatures (others)
  2 gnolls (D:5)
2 creatures vanquished.

Grand Total: 3 creatures vanquished

Notes
Turn   | Place    | Note
-------+----------+-------------------------------------------
     0 | D:5      | Descartes the Felid Delver began the quest for the Orb.
     0 | D:5      | Reached XP level 1. HP: 10/10 MP: 2/2
    14 | D:5      | Reached skill level 7 in Stealth
    14 | D:5      | Reached XP level 2. HP: 3/14 MP: 3/3
   387 | D:5      | Found a staircase to the Ecumenical Temple.
   395 | Temple   | Entered the Ecumenical Temple
   411 | Temple   | Became a worshipper of Dithmenos the Shadowed
   429 | Temple   | Slain by a quasit

Illustrated notes

Levels and vault maps discovered:
D:5:      layout_loops_ring, grunt_temple_overflow_holy_war,
          lemuel_doored_altar, lemuel_coloured_pillars_altar,
          minmay_temple_entry_arrows, minmay_fire_ice_demons
Temple:   corrupted_temple

Skill      XL: |  1 |
---------------+----+-----
Stealth        | 7 |  7.8
Fighting       | |  3.0
Dodging        | |  2.6
Unarmed Combat | |  2.0

Action                   || total
-------------------------++-------
Melee: Unarmed           ||     3
       Bite              ||     1
 Stab: Sleeping          ||     1
Armor: Skin              ||     4
Dodge: Dodged            ||    31

Table legend: (Time is in decaauts)
 A = Elapsed time spent in this place.
 B = Non-inter-level travel time spent in this place.
 C = Inter-level travel time spent in this place.
 D = Time resting spent in this place.
 E = Time spent auto-exploring this place.
 F = Levels seen in this place.
 G = Mean time per level.
                   A        B        C        D        E       F      G
               +--------+--------+--------+--------+--------+-----+--------+
         Total |    397 |    397 |      0 |    261 |     18 |   2 |  198.5 |
       Dungeon |    369 |    369 |      0 |    261 |     18 |   1 |  369.0 |
        Temple |     28 |     28 |      0 |      0 |      0 |   1 |   28.0 |
               +--------+--------+--------+--------+--------+-----+--------+

Top non-repeatable levels by time:
     D:5: 369 daAuts
  Temple: 28 daAuts
